 Dungeon Crawl Stone Soup version 0.28.0-43-g3370ac3207 (webtiles) character file.

Game seed: 16743785067138739058

55 Ablot the Grasshopper (level 3, -1/31 HPs)
             Began as a Gnoll Warper on Mar 29, 2022.
             Slain by a gnoll
             ... wielding a +0 spear
              (6 damage)
             ... on level 2 of the Dungeon.
             The game lasted 00:01:41 (1515 turns).

Ablot the Grasshopper (Gnoll Warper)                Turns: 1515, Time: 00:01:42

Health: -1/31      AC:  3    Str: 12    XL:     3   Next: 93%
Magic:  9/9        EV: 12    Int: 12    God:
Gold:   69         SH:  0    Dex: 11    Spells: 10/12 levels left

rFire   . . .      SeeInvis .   j - +2 dagger (venom)
rCold   . . .      Faith    .   (no shield)
rNeg    . . .      Spirit   .   b - +0 leather armour
rPois   .          Reflect  .   (no helmet)
rElec   .          Harm     .   (no cloak)
rCorr   .          Rampage  .   (no gloves)
Will    .....                   (no boots)
Stlth   +.........              (no amulet)
HPRegen 0.10/turn               (no ring)
MPRegen 0.11/turn               (no ring)

@: no status effects
A: fangs 1, strong nose, distributed training
a: no special abilities


You were on level 2 of the Dungeon.
You visited 1 branch of the dungeon, and saw 2 of its levels.

You collected 69 gold pieces.

Inventory:

Hand Weapons
 a - a +0 spear
 j - a +2 dagger of venom (weapon)
Missiles
 d - 5 boomerangs of dispersal
 g - 52 stones
 i - 6 poisoned darts (quivered)
 l - 15 arrows
Armour
 b - a +0 leather armour (worn)
Scrolls
 c - a scroll of blinking
 f - 3 scrolls of identify {unknown}
 h - a scroll of magic mapping {unknown}
 m - 2 scrolls of enchant weapon {unknown}
Potions
 e - a potion of attraction {unknown}
 k - a potion of curing {unknown}


   Skills:
 + Level 4.6 Fighting
 + Level 1.0 Short Blades
 + Level 1.0 Long Blades
 + Level 1.0 Axes
 + Level 1.0 Maces & Flails
 + Level 4.6 Polearms
 + Level 1.0 Staves
 + Level 1.0 Slings
 + Level 1.0 Bows
 + Level 1.0 Crossbows
 + Level 2.6 Throwing
 + Level 2.6 Armour
 + Level 4.6 Dodging
 + Level 1.0 Stealth
 + Level 1.0 Shields
 + Level 1.0 Unarmed Combat
 + Level 5.0 Spellcasting
 + Level 0.7 Conjurations
 + Level 0.7 Hexes
 + Level 0.7 Summonings
 + Level 0.7 Necromancy
 + Level 5.4 Translocations
 + Level 0.7 Transmutations
 + Level 0.7 Fire Magic
 + Level 0.7 Ice Magic
 + Level 0.7 Air Magic
 + Level 0.7 Earth Magic
 + Level 0.7 Poison Magic
 + Level 1.0 Invocations
 + Level 1.0 Evocations


You had 10 spell levels left.
You knew the following spells:

 Your Spells              Type           Power      Damage    Failure   Level
a - Blink                 Tloc           32%        N/A       4%          2

Your spell library contained the following spells:

 Spells                   Type           Power      Damage    Failure   Level
 Gell's Gravitas          Tloc           16%        N/A       9%          3
 Lesser Beckoning         Tloc           16%        N/A       9%          3
 Teleport Other           Tloc           16%        N/A       9%          3
 Corpse Rot               Necr/Air       8%         N/A       28%         2
 Manifold Assault         Tloc           16%        N/A       58%         5
 Dispel Undead            Necr           4%         3d7       88%         4
 Death Channel            Necr           2%         N/A       100%        6


Dungeon Overview and Level Annotations

Branches:
Dungeon (2/15)

Altars:

Annotations:
D:2 Terence


Innate Abilities, Weirdness & Mutations

You have very sharp teeth.
Your uncanny sense of smell can sniff out nearby items.
Your experience applies equally to all skills.


Message History

A gnoll comes into view. It is wielding a +0 spear.
The gnoll shouts!
The gnoll barely misses you.
You closely miss the gnoll.
The gnoll hits you from afar with a +0 spear.
The gnoll hits you with a +0 whip.
You hit the gnoll.
The gnoll is poisoned.
Your bite misses the gnoll.
The gnoll is moderately wounded.
The gnoll barely misses you. The gnoll hits you with a +0 whip.
You hit the gnoll.
The gnoll is heavily wounded.
The gnoll hits you from afar with a +0 spear.
The gnoll hits you with a +0 whip.
You hit the gnoll.
The gnoll looks as sick as possible!
The gnoll is almost dead.
The gnoll barely misses you. The gnoll hits you with a +0 whip.
You are too injured to fight recklessly!
You kill the gnoll!
Your Short Blades skill increases to level 1!
Your Long Blades skill increases to level 1!
Your Axes skill increases to level 1!
Your Maces & Flails skill increases to level 1!
Your Staves skill increases to level 1!
Your Slings skill increases to level 1!
Your Bows skill increases to level 1!
Your Crossbows skill increases to level 1!
Your Stealth skill increases to level 1!
Your Shields skill increases to level 1!
Your Unarmed Combat skill increases to level 1!
Your Evocations skill increases to level 1!
The gnoll hits you with a +0 spear.
* * * LOW HITPOINT WARNING * * *
You hit the gnoll.
The gnoll is lightly wounded.
The gnoll hits you from afar with a +0 spear.
* * * LOW HITPOINT WARNING * * *
The gnoll misses you.
You hit the gnoll but do no damage.
The gnoll is poisoned.
The gnoll is lightly wounded.
The gnoll hits you from afar with a +0 spear.
You die...

.. .#.# # .#.#
#. .#..
#.##.#.#
....#.# #
########.##.#.#
#...gg@.......#
#.######.#.####
### #.#.# ...
#.#.# .. .>#.#
.. #.#.# ...
..#.# .# #.#.#
.# #.#.#


You could see 2 gnolls.

Vanquished Creatures
  A gnoll (D:2)
  An adder (D:2)
  A dart slug (D:1)
  5 endoplasms
  A goblin (D:1)
  3 hobgoblins
  2 quokkas (D:1)
  4 ball pythons
  6 bats
  4 frilled lizards
  4 kobolds (D:1)
  A rat (D:2)
33 creatures vanquished.

Notes
Turn   | Place    | Note
-------+----------+-------------------------------------------
     0 | D:1      | Ablot the Gnoll Warper began the quest for the Orb.
     0 | D:1      | Reached XP level 1. HP: 20/20 MP: 6/6
   204 | D:1      | Found a faded altar of an unknown god.
   207 | D:1      | Noticed a great orb of eyes
   208 | D:1      | Noticed an eye of devastation
   208 | D:1      | Noticed a shining eye
   208 | D:1      | Noticed a shining eye
   221 | D:1      | Reached XP level 2. HP: 26/26 MP: 7/7
   224 | D:1      | Learned a level 2 spell: Blink
   901 | D:1      | Reached XP level 3. HP: 29/31 MP: 9/9
   922 | D:1      | Reached skill level 5 in Spellcasting
  1088 | D:2      | Noticed Terence
  1196 | D:2      | Reached skill level 1 in Invocations
  1513 | D:2      | Reached skill level 1 in Short Blades
  1513 | D:2      | Reached skill level 1 in Long Blades
  1513 | D:2      | Reached skill level 1 in Axes
  1513 | D:2      | Reached skill level 1 in Maces & Flails
  1513 | D:2      | Reached skill level 1 in Staves
  1513 | D:2      | Reached skill level 1 in Slings
  1513 | D:2      | Reached skill level 1 in Bows
  1513 | D:2      | Reached skill level 1 in Crossbows
  1513 | D:2      | Reached skill level 1 in Stealth
  1513 | D:2      | Reached skill level 1 in Shields
  1513 | D:2      | Reached skill level 1 in Unarmed Combat
  1513 | D:2      | Reached skill level 1 in Evocations
  1515 | D:2      | Slain by a gnoll

Illustrated notes

Levels and vault maps discovered:
D:1:      dpeg_arrival_rooms_c, layout_rooms,
          hellmonk_ecumenical_altar_watching_god
D:2:      layout_basic, uniq_terence

Skill      XL: |  1  2  3 |
---------------+----------+-----
Spellcasting   | 5 |  5.0
Invocations    | 1 |  1.0
Short Blades   | 1 |  1.0
Long Blades    | 1 |  1.0
Axes           | 1 |  1.0
Maces & Flails | 1 |  1.0
Staves         | 1 |  1.0
Slings         | 1 |  1.0
Bows           | 1 |  1.0
Crossbows      | 1 |  1.0
Stealth        | 1 |  1.0
Shields        | 1 |  1.0
Unarmed Combat | 1 |  1.0
Evocations     | 1 |  1.0
Fighting       | |  4.6
Polearms       | |  4.6
Throwing       | |  2.6
Armour         | |  2.6
Dodging        | |  4.6
Conjurations   | |  0.7
Hexes          | |  0.7
Summonings     | |  0.7
Necromancy     | |  0.7
Translocations | |  5.4
Transmutations | |  0.7
Fire Magic     | |  0.7
Ice Magic      | |  0.7
Air Magic      | |  0.7
Earth Magic    | |  0.7
Poison Magic   | |  0.7

Action                   || total
-------------------------++-------
Melee: Spear             ||    66
       Bite              ||     9
       Dagger            ||    49
       Punch             ||     2
Armor: Leather armour    ||    29
Dodge: Dodged            ||    66
